 Dungeon Crawl Stone Soup version 0.29.1-15-g9cfb28693d (webtiles) character file.

Game seed: 13177819652470111510

9800 growler the Martial Artist (level 11, 0/116 HPs)
             Began as a Red Draconian Transmuter on Feb 28, 2023.
             Was a Priest of Wu Jian.
             Slain by a vampire (12 damage)
             ... on level 10 of the Dungeon.
             The game lasted 00:24:52 (14178 turns).

growler the Martial Artist (DrTm)                  Turns: 14178, Time: 00:24:52

Health: 0/116      AC:  7    Str: 12    XL:     11   Next: 27%
Magic:  17/17      EV: 10    Int: 17    God:    Wu Jian [***...]
Gold:   556        SH:  0    Dex: 13    Spells: 8/18 levels left

rFire   x . .      SeeInvis .     - Unarmed
rCold   + + +      Faith    .   (shield currently unavailable)
rNeg    . . .      Spirit   .   (body armour unavailable)
rPois   +          Reflect  .   (helmet currently unavailable)
rElec   .          Harm     .   (cloak currently unavailable)
rCorr   .          Rampage  .   (gloves currently unavailable)
Will    +....                   (boots currently unavailable)
Stlth   +.........              y - amulet of magic regeneration
HPRegen 0.29/turn               e - +4 ring of slaying
MPRegen 0.55/turn               D - ring of willpower

@: confused, ice-form, studying Translocations
A: freezing attack, amphibious, boosted hp, (breathe fire), AC +7, large,
unfitting armour, (fire resistance 1), (cold-blooded)
a: End Transformation, Renounce Religion, Wall Jump, Serpent's Lash


You were on level 10 of the Dungeon.
You worshipped Wu Jian.
Wu Jian was most pleased with you.
You were a creature of crystalline ice.
You visited 2 branches of the dungeon, and saw 11 of its levels.

You collected 556 gold pieces.

Inventory:

Missiles
 F - a throwing net
Jewellery
 e - a +4 ring of slaying (left front paw)
 y - an amulet of magic regeneration (around neck)
 z - an amulet of faith
 B - a ring of fire
 C - a ring of ice
 D - a ring of willpower (right front paw)
Wands
 x - a wand of flame (18)
 G - a wand of charming (9)
Scrolls
 d - a scroll of blinking
 f - a scroll of noise {unknown}
 g - a scroll of amnesia
 h - 2 scrolls of immolation {unknown}
 j - a scroll of poison {unknown}
 k - a scroll of enchant armour {unknown}
 n - a scroll of summoning
 r - a scroll of fear {unknown}
 s - a scroll of vulnerability {unknown}
 u - 3 scrolls of identify
 v - a scroll of enchant weapon {unknown}
 w - a scroll of torment {unknown}
 E - a scroll of acquirement {unknown}
Potions
 a - 2 potions of lignification
 b - 4 potions of curing
 c - 9 potions of ambrosia
 i - 9 potions of degeneration
 l - a potion of attraction {unknown}
 m - a potion of might
 o - 3 potions of magic {unknown}
 p - 3 potions of mutation {unknown}
 q - a potion of cancellation {unknown}
 t - a potion of brilliance {unknown}
 A - 2 potions of heal wounds {unknown}


   Skills:
 + Level 9.4 Fighting
 - Level 1.9 Dodging
 + Level 12.9 Unarmed Combat
 - Level 4.0 Spellcasting
 - Level 6.0 Transmutations
 - Level 5.0 Ice Magic


You had 8 spell levels left.
You knew the following spells:

 Your Spells              Type           Power      Damage    Failure   Level
a - Beastly Appendage     Tmut           46%        N/A       1%          1
b - Wereblood             Tmut           23%        N/A       1%          2
c - Spider Form           Tmut/Pois      13%        N/A       14%         3
d - Ice Form              Ice/Tmut       22%        N/A       16%         4

Your spell library contained the following spells:

 Spells                   Type           Power      Damage    Failure   Level
 Apportation              Tloc           6%         N/A       16%         1
 Magic Dart               Conj           12%        1d3       16%         1
 Necrotise                Necr           12%        1d4       16%         1
 Summon Small Mammal      Summ           12%        N/A       16%         1
 Call Imp                 Summ           3%         N/A       24%         2
 Scorch                   Fire           6%         2d5       24%         2
 Gell's Gravitas          Tloc           3%         N/A       43%         3
 Mephitic Cloud           Conj/Pois/Air  3%         N/A       43%         3
 Teleport Other           Tloc           3%         N/A       43%         3
 Airstrike                Air            1%         2d(1-17)  83%         4
 Flame Wave               Conj/Fire      3%         2d5       83%         4
 Summon Lightning Spire   Summ/Air       3%         N/A       83%         4
 Lightning Bolt           Conj/Air       1%         1d12      99%         5
 Dispersal                Tloc           1%         N/A       100%        6
 Summon Cactus Giant      Summ           1%         N/A       100%        6


Dungeon Overview and Level Annotations

Branches:
Dungeon (10/15)            Temple (1/1) D:4             Orc (0/2) D:9
   Lair: D:8-11

Altars:
Ashenzari
Elyvilon
Fedhas
Gozag
Hepliaklqana
Ru
Uskayaw
Wu Jian
Xom
Zin

Annotations:
D:6 2 runed translucent doors


Innate Abilities, Weirdness & Mutations

You are a creature of crystalline ice.
You have a powerful freezing melee attack.
You are amphibious.
Your maximum health is increased.
Your armour is entirely melded.
You are incapable of wielding weapons or throwing items.
((You can breathe blasts of fire.))
((Your fiery red scales are hard. (AC +7)))
You cannot fit into any form of body armour.
((Your flesh is heat resistant. (rF+)))
((You are cold-blooded and may be slowed by cold attacks.))


Message History

You turn into a creature of crystalline ice.
You climb downwards.
The vampire barely misses you. The vampire bites you.
The vampire draws strength from your injuries!
There is a stone staircase leading up, spattered with blood here.
You see here a basilisk corpse.
You hit the vampire but do no damage. The vampire hits you.
The vampire barely misses you.
You pummel the vampire!!
The vampire is almost destroyed.
The vampire casts a spell.
The vampire flickers and vanishes!
Deactivating autopickup; reactivate with Ctrl-A.
You closely miss something. You barely miss something.
Something draws life force from you!
You barely miss something. Something hits you! Something bites you!
Something draws strength from your injuries!
You closely miss something. Something completely misses you.
Something bites you but does no damage.
You punch something! You freeze something. You closely miss something.
Something draws life force from you!
You hit something but do no damage. Something hits you. Something bites you.
Something draws strength from your injuries!
You hit something. Something hits you! Something bites you.
Something draws strength from your injuries!
You closely miss something.
You hear some strange, mumbled words.
You are confused.
You miss something. Something draws life force from you!
You punch something! You freeze something. Something hits you!
Something bites you!
* * * LOW HITPOINT WARNING * * *
Something draws strength from your injuries!
You're too confused to move!
Something hits you!
* * * LOW HITPOINT WARNING * * *
Something bites you.
* * * LOW HITPOINT WARNING * * *
Something draws strength from your injuries!
You miss something. Something hits you!
You die...

.................#.
...................
...................
#....)...)........
#......)........
##..)..)(....... .
##..[.)(....... ..
##...<).....(. .. # ...
##Y)......... ... # ....
#................#
.....#................#
)...8...................
⌠.....#.........#.......
.....##.)....###........ ...
....# #.................
#...
...###.................K
#..8..###...................


There were no monsters in sight!

Vanquished Creatures
  A war gargoyle (D:10)
  A catoblepas (D:9)
  2 two-headed ogres
  A queen bee (D:9)
  A hornet (D:9)
  Grinder (D:3)
  Prince Ribbit (D:7)
  A shadow (D:10)
  Sigmund (D:4)
  5 yaks (D:9)
  2 basilisks (D:10)
  A steam dragon (D:8)
  Menkaure (D:7)
  An acid dragon (D:9)
  3 water moccasins
  A swamp drake (D:9)
  2 sky beasts
  5 orc warriors
  3 black bears
  4 ogres
  A phantom (D:4)
  5 centaurs
  A gnoll sergeant (D:8)
  4 kobold brigands
  2 necrophages
  A bullfrog (D:6)
  A scorpion (D:6)
  6 wights (D:7)
  19 killer bees (D:9)
  4 howler monkeys
  3 hounds
  A gnoll bouda (D:9)
  2 jellies
  3 orc priests
  An iguana (D:5)
  Natasha (thrice) (D:2)
  8 orc wizards
  A mummy (D:8)
  17 gnolls
  2 adders
  2 white imps (D:8)
  2 worms
  27 orcs
  5 endoplasms
  A giant cockroach (D:4)
  4 goblins
  5 hobgoblins
  9 jackals
  26 kobolds
  4 quokkas
  8 ball pythons
  4 bats
  2 frilled lizards
  5 rats
227 creatures vanquished.

Vanquished Creatures (others)
  An orc wizard (D:9)
  A gnoll (D:9)
  3 orcs (D:9)
5 creatures vanquished.

Grand Total: 232 creatures vanquished

Notes
Turn   | Place    | Note
-------+----------+-------------------------------------------
     0 | D:1      | growler the Draconian Transmuter began the quest for the
                  | Orb.
     0 | D:1      | Reached XP level 1. HP: 16/16 MP: 3/3
   186 | D:1      | Reached XP level 2. HP: 20/23 MP: 5/5
   189 | D:1      | Learned a level 2 spell: Wereblood
   454 | D:1      | Found a faded altar of an unknown god.
  1062 | D:2      | Reached XP level 3. HP: 26/28 MP: 6/6
  1067 | D:2      | Learned a level 3 spell: Spider Form
  1549 | D:2      | Noticed Natasha
  1558 | D:2      | Killed Natasha
  1559 | D:2      | Reached XP level 4. HP: 35/35 MP: 5/8
  1779 | D:2      | Noticed Natasha
  1790 | D:2      | Killed Natasha
  2211 | D:2      | Noticed Natasha
  2227 | D:2      | Killed Natasha
  2228 | D:2      | Reached skill level 4 in Unarmed Combat
  2706 | D:3      | Noticed Grinder
  3030 | D:4      | Reached XP level 5. HP: 37/40 MP: 9/9
  3226 | D:4      | Noticed a phantom
  3238 | D:4      | Killed a phantom
  3427 | D:4      | Found a staircase to the Ecumenical Temple.
  3427 | D:4      | Noticed an ogre
  3432 | Temple   | Entered the Ecumenical Temple
  3598 | Temple   | Became a worshipper of the Wu Jian Council
  3693 | D:4      | Killed an ogre
  3694 | D:4      | Reached skill level 5 in Unarmed Combat
  3694 | D:4      | Reached XP level 6. HP: 22/47 MP: 10/10
  3883 | D:4      | Noticed Sigmund
  3893 | D:4      | Killed Sigmund
  3894 | D:4      | Reached skill level 6 in Unarmed Combat
  3960 | D:4      | Learned a level 4 spell: Ice Form
  4223 | D:3      | Paralysed by Grinder for 3 turns
  4230 | D:3      | Killed Grinder
  4231 | D:3      | Reached skill level 7 in Unarmed Combat
  4231 | D:3      | Your scales start taking on a fiery red colour.
  4231 | D:3      | Reached XP level 7. HP: 47/52 MP: 11/11
  4231 | D:3      | Gained mutation: Your flesh is heat resistant. (rF+) [Red
                  | Draconian growth]
  4912 | D:5      | Entered Level 5 of the Dungeon
  4989 | D:5      | Reached skill level 8 in Unarmed Combat
  5302 | D:5      | Reached XP level 8. HP: 59/59 MP: 12/12
  5457 | D:5      | Reached * piety under Wu Jian
  5462 | D:5      | Reached skill level 9 in Unarmed Combat
  6119 | D:5      | Reached skill level 10 in Unarmed Combat
  6576 | D:6      | Reached skill level 1 in Ice Magic
  7049 | D:6      | Found a large runed translucent door.
  7050 | D:6      | Found a large runed translucent door.
  7293 | D:6      | Reached XP level 9. HP: 41/68 MP: 14/14
  8034 | D:7      | Noticed Menkaure
  8038 | D:7      | Killed Menkaure
  8048 | D:7      | Reached skill level 5 in Transmutations
  8423 | D:7      | Noticed Prince Ribbit
  8429 | D:7      | Killed Prince Ribbit
  8643 | D:8      | Reached ** piety under Wu Jian
  9354 | D:8      | Reached skill level 5 in Fighting
  9838 | D:9      | Reached skill level 11 in Unarmed Combat
  9846 | D:8      | Reached XP level 10. HP: 42/81 MP: 16/16
 10881 | D:9      | Noticed a catoblepas
 10891 | D:9      | Killed a catoblepas
 11028 | D:9      | Reached skill level 5 in Ice Magic
 11039 | D:9      | Reached *** piety under Wu Jian
 11437 | D:9      | Reached skill level 12 in Unarmed Combat
 11784 | D:9      | Found a staircase to the Orcish Mines.
 11993 | D:10     | Entered Level 10 of the Dungeon
 12357 | D:10     | Noticed a war gargoyle
 12357 | D:10     | Noticed a two-headed ogre
 12615 | D:10     | Noticed a two-headed ogre
 12620 | D:10     | Noticed a boulder beetle
 12624 | D:9      | Killed a two-headed ogre
 12625 | D:9      | Reached XP level 11. HP: 86/95 MP: 17/17
 12855 | D:10     | Killed a two-headed ogre
 13638 | D:10     | Killed a war gargoyle
 14178 | D:10     | Slain by a vampire

Illustrated notes

Levels and vault maps discovered:
D:1:      onia_arrival_pyramid, layout_basic, basic_ecumenical_altar,
          minivault_26, minmay_ruptured
D:2:      layout_loops_ring, uniq_natasha
D:3:      wander_river, layout_basic, hangedman_decor_riveting, uniq_grinder
D:4:      layout_basic, temple_statues, minivault_23, st_stairs_14, uniq_sigmund
D:5:      layout_basic
D:6:      layout_basic, jmf_multi_god_temple2, serial_bayou_lagoon_a
D:7:      layout_basic, minmay_manual_mares, uniq_prince_ribbit1, uniq_menkaure
D:8:      layout_loops_ring, gup_ossuary_entry_pyramid, serial_park_tiny_pond
D:9:      layout_small_grid, erik_orc_1, special_room [special_room_bee],
          dk_rats_in_the_wall
D:10:     minmay_roctagon, layout_cross
Temple:   mainiacjoe_temple_cubbyholes

Skill      XL: |  1  2  3  4  5  6  7  8  9 10 11 |
---------------+----------------------------------+-----
Transmutations | 3 4 6 |  6.0
Unarmed Combat | 4 5 7 8 10 11 12 | 12.9
Spellcasting   | 3 4 |  4.0
Fighting       | 2 5 8 9 |  9.4
Ice Magic      | 1 3 5 |  5.0
Dodging        | |  1.9

Action                   |  1- 3 |  4- 6 |  7- 9 | 10-12 || total
-------------------------+-------+-------+-------+-------++-------
Melee: Unarmed           |   129 |   106 |   265 |   220 ||   720
       Tailslap          |    18 |    10 |    31 |     7 ||    66
       Punch             |     6 |     2 |     6 |     4 ||    18
       Headbutt          |     4 |     7 |     9 |     1 ||    21
       Kick              |     3 |    16 |    11 |     1 ||    31
 Cast: Beastly Appendage |     4 |     6 |     6 |     1 ||    17
       Spider Form       |       |     1 |     6 |     2 ||     9
       Wereblood         |       |       |     5 |     3 ||     8
       Ice Form          |       |       |     1 |    13 ||    14
Invok: Lunge             |       |     1 |    28 |    22 ||    51
       Whirlwind         |       |       |     6 |    34 ||    40
       Serpent's Lash    |       |       |       |     2 ||     2
 Abil: Breathe Fire      |       |       |    10 |     8 ||    18
  Use: Scroll            |       |     3 |     3 |     1 ||     7
 Stab: Sleeping          |       |     2 |     3 |       ||     5
Armor: Skin              |    57 |    21 |    63 |    41 ||   182
Dodge: Dodged            |    98 |    51 |   113 |    85 ||   347
